 Dungeon Crawl Stone Soup version 0.27-a0-170-g607d9e9d85 (webtiles) character file.

Game seed: 17218135249039984849

28 tsouns the Sneak (level 2, 0/24 HPs)
             Began as a Draconian Delver on Jan 29, 2021.
             Was an Initiate of Hepliaklqana.
             Succumbed to a scorpion's poison
             ... on level 5 of the Dungeon.
             The game lasted 00:01:18 (112 turns).

tsouns the Sneak (Draconian Delver)                  Turns: 112, Time: 00:01:18

Health: 0/24       AC:  4    Str: 14    XL:     2   Next: 96%
Magic:  2/2        EV: 12    Int: 10    God:    Hepliaklqana [......]
Gold:   11         SH:  0    Dex: 12    Spells: 1/1 levels left

rFire    . . .     SeeInvis .   a - +0 mace
rCold    . . .     Faith    .   (no shield)
rNeg     . . .     Spirit   .   (armour unavailable)
rPois    .         Reflect  .   (helmet restricted)
rElec    .         Harm     .   (no cloak)
rCorr    .         Rampage  .   (no gloves)
Will     .....                  (no boots)
Stlth    +++.......             (no amulet)
HPRegen  0.08/turn              (no ring)
MPRegen  0.08/turn              (no ring)

@: lethally poisoned (0 -> -7)
A: unfitting armour, reduced essence, cold-blooded, AC +4
a: Renounce Religion, Recall Ancestor, Ancestor Identity


You were on level 5 of the Dungeon.
You worshipped Hepliaklqana.
Hepliaklqana was noncommittal.
You visited 2 branches of the dungeon, and saw 3 of its levels.

You collected 11 gold pieces.

Inventory:

Hand Weapons
 a - a +0 mace (weapon)
Wands
 f - a wand of digging (3)
Scrolls
 b - a scroll of fog
 c - a scroll of magic mapping
 d - a scroll of fear
Potions
 e - a potion of haste


   Skills:
 + Level 3.7 Fighting
 + Level 2.5 Maces & Flails
 + Level 2.3 Dodging
 - Level 4.5 Stealth


You had one spell level left.
You didn't know any spells.
Your spell library was empty.

Dungeon Overview and Level Annotations

Branches:
Dungeon (6/15)             Temple (1/1) D:5

Altars:
Cheibriados
Fedhas
Gozag
Hepliaklqana
Kikubaaqudgha
Nemelex Xobeh
Ru
Vehumet
Wu Jian
Xom
Zin
The Shining One

Annotations:
D:5 Ijyb


Innate Abilities, Weirdness & Mutations

Your plain brown scales are hard. (AC +4)
You cannot fit into any form of body armour.
You are cold-blooded and may be slowed by cold attacks.
Your life essence is reduced to manifest your ancestor. (-10% HP)


Message History

You feel sick.
Aula hits the scorpion.
The scorpion misses you.
Aula misses the scorpion.
The scorpion stings Aula.
Aula hits the scorpion but does no damage.
Okay, then.
* * * LOW HITPOINT WARNING * * *
You feel sick.
The scorpion stings Aula!
Aula is destroyed!
* * * LOW HITPOINT WARNING * * *
You feel sick.
There is a stone staircase leading up here.
You climb upwards.
A hound and Ijyb come into view.
Ijyb is wielding a +0 club and carrying a wand of flame (11).
* * * LOW HITPOINT WARNING * * *
You feel sick.
The hound barks!
An adder zombie comes into view.
An iguana comes into view.
There is a stone staircase leading down here.
You die...

. . # ##. .# ..
... ##.##..
#.... #..#
####@# #..>.#
#g.......h.l#
Z...##.######.#
.## #. #. #. #.
..


You could see Ijyb (asleep).

Vanquished Creatures (collateral kills)
  A jelly (D:6)
1 creature vanquished.

Vanquished Creatures (others)
  An ancestor (D:6)
1 creature vanquished.

Grand Total: 2 creatures vanquished

Notes
Turn   | Place    | Note
-------+----------+-------------------------------------------
     0 | D:5      | tsouns the Draconian Delver began the quest for the Orb.
     0 | D:5      | Reached XP level 1. HP: 19/19 MP: 1/1
     0 | D:5      | Found a staircase to the Ecumenical Temple.
     8 | Temple   | Entered the Ecumenical Temple
    71 | Temple   | Became a worshipper of Hepliaklqana the Forgotten
    89 | D:6      | Noticed a jelly
    94 | D:6      | Noticed a scorpion
    97 | D:6      | Killed a jelly
    98 | D:6      | Reached XP level 2. HP: 15/24 MP: 2/2
   111 | D:5      | Noticed Ijyb
   111 | D:5      | HP: 1/24 [poisoned by a scorpion]
   112 | D:5      | Succumbed to a scorpion's poison

Illustrated notes

Levels and vault maps discovered:
D:5:      layout_rooms, minmay_temple_entry_from_below_a,
          nicolae_ru_sacrificial_ziggurat, uniq_ijyb
D:6:      layout_basic, lemuel_crystal_altar, minmay_overflow_temple_star_quad,
          hellmonk_ghost_happy_afterlife, kennysheep_potato, uniq_blork_the_orc
Temple:   nicolae_temple_x_marks_the_god

Skill      XL: |  1 |
---------------+----+-----
Dodging        | 2 |  2.3
Fighting       | |  3.7
Maces & Flails | |  2.5
Stealth        | |  4.5

Action                   || total
-------------------------++-------
Melee: Mace              ||     6
 Stab: Sleeping          ||     1
Armor: Skin              ||     2
Dodge: Dodged            ||     4

Table legend: (Time is in decaauts)
 A = Elapsed time spent in this place.
 B = Non-inter-level travel time spent in this place.
 C = Inter-level travel time spent in this place.
 D = Time resting spent in this place.
 E = Time spent auto-exploring this place.
 F = Levels seen in this place.
 G = Mean time per level.
                   A        B        C        D        E       F      G
               +--------+--------+--------+--------+--------+-----+--------+
         Total |    114 |    114 |      0 |      0 |     62 |   3 |   38.0 |
       Dungeon |     46 |     46 |      0 |      0 |     12 |   2 |   23.0 |
        Temple |     67 |     67 |      0 |      0 |     50 |   1 |   67.0 |
               +--------+--------+--------+--------+--------+-----+--------+

Top non-repeatable levels by time:
  Temple: 67 daAuts
     D:6: 30 daAuts
     D:5: 16 daAuts
